 Dungeon Crawl Stone Soup version 0.29.1-1-gd02db6906a (webtiles) character file.

Game seed: 13580977574616364355

76316 EvilAshe the Grappler (level 15, -22/146 HPs)
             Began as a Troll Fighter on Sept 29, 2022.
             Was the Champion of the Shining One.
             Annihilated by a jumping spider (24 damage)
             ... on level 1 of the Spider Nest.
             The game lasted 01:08:24 (23111 turns).

EvilAshe the Grappler (Troll Fighter)              Turns: 23111, Time: 01:08:25

Health: -22/146    AC:  8    Str: 40    XL:     15   Next: 12%
Magic:  12/20      EV:  5    Int: 12    God:    the Shining One [******]
Gold:   542        SH:  0    Dex:  9    Spells: 11/14 levels left

rFire   . . .      SeeInvis .     - Unarmed
rCold   . . .      Faith    .   v - +1 tower shield {rN+}
rNeg    + + +      Spirit   .   V - +0 troll leather armour
rPois   +          Reflect  +   (helmet restricted)
rElec   .          Harm     .   Q - +1 cloak
rCorr   .          Rampage  .   (gloves unavailable)
Will    ++...                   (boots unavailable)
Stlth   +.........              B - amulet of reflection
HPRegen 1.94/turn               Z - ring of willpower
MPRegen 0.17/turn               b - ring of Impatience {rPois rN+ Str+6 Int+8}

@: held, glowing
A: large, unfitting armour, claws 3, regeneration 1, shaggy fur 1, tough skin 1
a: Renounce Religion, Divine Shield, Cleansing Flame, Summon Divine Warrior,
Brand Weapon With Holy Wrath


You were on level 1 of the Spider Nest.
You worshipped the Shining One.
The Shining One was exalted by your worship.
You visited 4 branches of the dungeon, and saw 21 of its levels.
You also visited: Ossuary, Bailey and Ice Cave.

You collected 2135 gold pieces.
You spent 1593 gold pieces at shops.

Inventory:

Missiles
 e - 193 stones
 m - 19 throwing nets
 p - 44 boomerangs (quivered)
 y - 22 poisoned darts
 U - 4 curare-tipped darts
Armour
 v - a +1 tower shield of positive energy (worn)
 Q - a +1 cloak (worn)
 V - a +0 troll leather armour (worn)
Jewellery
 b - the ring of Impatience (right claw) {rPois rN+ Str+6 Int+8}
   (You bought it in a shop on level 2 of the Orcish Mines)

   [ring of strength]

   Str:       It affects your strength (+6).
   Int:       It affects your intelligence (+8).
   rPois:     It protects you from poison.
   rN:        It protects you from negative energy.
 q - a ring of willpower
 u - a ring of protection from fire
 w - a ring of protection from fire
 A - a +4 ring of evasion
 B - an amulet of reflection (around neck)
 Z - a ring of willpower (left claw)
Wands
 a - a wand of mindburst (12)
 f - a wand of polymorph (3)
 o - a wand of flame (44)
 s - a wand of roots (2)
 L - a wand of digging (4)
 X - a wand of paralysis (4)
Scrolls
 d - 6 scrolls of teleportation
 g - 5 scrolls of magic mapping
 h - 2 scrolls of summoning
 j - a scroll of silence
 E - 5 scrolls of amnesia
 G - 5 scrolls of fear
 H - 3 scrolls of fog
 I - 3 scrolls of blinking
 J - 2 scrolls of poison
 N - 3 scrolls of enchant armour
 O - 2 scrolls of enchant weapon
 Y - 2 scrolls of brand weapon
Potions
 c - 2 potions of might
 i - 4 potions of flight
 k - 9 potions of heal wounds
 l - 7 potions of magic
 r - 10 potions of curing
 t - 5 potions of cancellation
 x - 5 potions of haste
 z - 4 potions of lignification
 C - 2 potions of berserk rage
 D - 11 potions of brilliance
 F - 3 potions of ambrosia
 P - 3 potions of resistance
 T - 3 potions of mutation


   Skills:
 + Level 9.3 Fighting
 + Level 9.2 Dodging
 + Level 10.1 Shields
 * Level 14.9 Unarmed Combat
 + Level 7.0 Air Magic
 + Level 8.4 Invocations
 - Level 4.0 Evocations


You had 11 spell levels left.
You knew the following spells:

 Your Spells              Type           Power      Damage    Failure   Level
a - Swiftness             Air            17%        N/A       24%         3

Your spell library contained the following spells:

 Spells                   Type           Power      Damage    Failure   Level
 Shock                    Conj/Air       32%        1d5       34%         1
 Static Discharge         Conj/Air       8%         3-4/arc   45%         2
 Airstrike                Air            8%         2d(2-18)  61%         4
 Beastly Appendage        Tmut           0%         N/A       82%         1
 Necrotise                Necr           0%         1d4       82%         1
 Sandblast                Erth           0%         2d4       82%         1
 Blink                    Tloc           0%         N/A       91%         2
 Ensorcelled Hibernation  Hex/Ice        0%         N/A       91%         2
 Passwall                 Tmut/Erth      0%         N/A       91%         2
 Sublimation of Blood     Necr           0%         N/A       91%         2
 Wereblood                Tmut           0%         N/A       91%         2
 Frozen Ramparts          Ice            0%         1d1       99%         3
 Lesser Beckoning         Tloc           0%         N/A       99%         3
 Spider Form              Tmut/Pois      0%         N/A       99%         3
 Stone Arrow              Conj/Erth      0%         3d7       99%         3
 Tukima's Dance           Hex            0%         N/A       99%         3
 Vampiric Draining        Necr           0%         2d6       99%         3
 Anguish                  Hex/Necr       0%         N/A       100%        4
 Dispel Undead            Necr           0%         3d6       100%        4
 Fulminant Prism          Conj/Hex       0%         3d6       100%        4
 Ice Form                 Ice/Tmut       0%         N/A       100%        4
 Iskenderun's Mystic Bla  Conj/Tloc      0%         2d3       100%        4
 Passage of Golubria      Tloc           0%         N/A       100%        4
 Sticky Flame             Conj/Fire      0%         2d3       100%        4
 Summon Ice Beast         Ice/Summ       0%         N/A       100%        4
 Agony                    Necr           0%         N/A       100%        5
 Lee's Rapid Deconstruct  Erth           0%         3d5*      100%        5
 Manifold Assault         Tloc           0%         N/A       100%        5
 Yara's Violent Unravell  Hex/Tmut       0%         3d3       100%        5
 Summon Hydra             Summ           0%         N/A       100%        7


Dungeon Overview and Level Annotations

Branches:
Dungeon (13/15)            Temple (0/1) D:5            Lair (5/5) D:9
  Swamp (0/4) Lair:3       Spider (1/4) Lair:3        Slime (0/5) Lair:5
    Orc (2/2) D:12            Elf (0/3) Orc:2       Ossuary (visited)
 Bailey (visited)           IceCv (visited)
 Vaults: D:13-14

Altars:
Gozag
Kikubaaqudgha
Uskayaw
Xom
The Shining One
Jiyva

Shops:
D:5 (   D:7 [   D:9 *   Orc:2 =:?*

Annotations:
D:10 1 runed translucent door, Ashen's ghost, journeyman DsIE; Lodul
Lair:3 exclusion: oklob plant
Lair:4 2 runed translucent doors, Juirae's ghost, journeyman TrMo
Lair:5 exclusion: oklob plant


Innate Abilities, Weirdness & Mutations

You are too large for most types of armour.
You have claws for hands.
Your natural rate of healing is unusually fast.
You are covered in fur. (AC +1)
You have tough skin. (AC +1)


Message History

The wolf spider hits your daeva!! The wolf spider bites your daeva.
The jumping spider barely misses you. You block the jumping spider's attack.
Your daeva blocks the wolf spider's attack. x2
The jumping spider pounces on your daeva!!
Your daeva is caught in a web!
The jumping spider bites your daeva.
Your daeva struggles to get unstuck from the web.
You mangle the jumping spider!!
The jumping spider is heavily wounded.
You block the jumping spider's attack. x2; The wolf spider hits your daeva!
The wolf spider bites your daeva!!
The jumping spider pounces on your daeva!
The jumping spider bites your daeva! The jumping spider pounces on you!
* * * LOW HITPOINT WARNING * * *
You are caught in a web!
The jumping spider bites you but does no damage.
The wolf spider hits your daeva.
The wolf spider bites your daeva but does no damage.
The jumping spider pounces on your daeva!
The jumping spider bites your daeva but does no damage.
The web tears apart.
The jumping spider pounces on you!!
* * * LOW HITPOINT WARNING * * *
You are caught in a web!
The jumping spider bites you.
* * * LOW HITPOINT WARNING * * *
The wolf spider hits your daeva!!
Your daeva dies!
Your daeva dissolves into sparkling lights!
The jumping spider completely misses you.
The jumping spider barely misses you. The jumping spider pounces on you!!
* * * LOW HITPOINT WARNING * * *
The jumping spider bites you but does no damage.
You struggle to detach yourself from the web.
The jumping spider pounces on you but does no damage.
The jumping spider bites you but does no damage.
The wolf spider hits you.
* * * LOW HITPOINT WARNING * * *
The wolf spider bites you! The Shining One protects you from harm!
The jumping spider pounces on you!!
You die...

...##....# ...........
..##...### #.......#
..#...## ##......# ..#..##
#.......# ......###
######.......# ........##
##.##.##......# †........#
#.....#.......# .........#
#...††###....^#
.........####...@##......##
........##.#...sss##......#
^..........##....y.......##
..#.........#.....†........#
.###.............>....#...^#
..##...##.............#...##
..##...#.......#.....######
..#######..###.##...## ###
##..#####..##


You could see a wolf spider (berserk), a moth of wrath and 2 jumping spiders.

Vanquished Creatures
  A fire dragon (Lair:5)
  Harold (D:10)
  3 hydras
  A centaur warrior (D:13)
  2 boulder beetles
  A radroach (Spider:1)
  9 two-headed ogres
  A death scarab (Spider:1)
  An orc high priest (Orc:2)
  Sonja (D:10)
  4 orb spiders (Spider:1)
  2 bog bodies (Lair:3)
  A lindwurm (Lair:5)
  Pikel (D:4)
  2 wolf spiders (Lair:3)
  9 orc knights
  3 orc sorcerers (Orc:2)
  3 ugly things
  2 manticores
  2 cyclopes
  Joseph (D:10)
  18 elephants
  2 molten gargoyles (Lair:5)
  4 black mambas
  The ghost of dittoslash the Chopper, a novice GnCA of Okawaru (D:4)
  10 cane toads
  A torpor snail (Lair:3)
  2 gargoyles (D:12)
  3 unseen horrors
  7 demonic crawlers
  4 rime drakes
  A freezing wraith (IceCv)
  7 komodo dragons
  10 trolls
  A meliai (Lair:3)
  7 tarantellas
  2 polar bears
  6 saltlings (Orc:2)
  6 slime creatures
  A hornet (D:9)
  7 blink frogs
  Sigmund (D:4)
  5 jumping spiders
  A dream sheep (Lair:1)
  A shadow (D:13)
  3 vampires
  7 culicivoras (Spider:1)
  19 yaks
  3 spriggans (Lair:1)
  3 steam dragons (Lair:5)
  2 wraiths
  7 wyverns
  Eustachio (D:6)
  11 basilisks
  A death yak simulacrum (IceCv)
  9 redbacks
  Menkaure (D:4)
  6 wargs
  2 acid dragons
  16 water moccasins
  Duvessa (D:4)
  23 orc warriors
  5 hell hounds (Lair:5)
  An ice beast (D:7)
  2 sky beasts
  2 black bears
  8 ogres
  10 wolves (Lair:1)
  3 centaurs
  4 phantoms
  2 lemures
  3 kobold brigands
  2 necrophages
  Blork the orc (D:4)
  9 bullfrogs
  3 gnoll sergeants
  2 scorpions
  3 wights (D:8)
  2 elephant simulacra (IceCv)
  Dowan (D:4)
  19 killer bees
  An electric eel (Lair:2)
  3 howler monkeys (D:9)
  5 lava snakes
  A centaur zombie (Ossuary)
  6 hounds
  A jelly (D:6)
  7 gnoll boudas
  16 orc priests
  5 iguanas
  17 orc wizards
  A polar bear simulacrum (IceCv)
  7 mummies
  Robin (D:2)
  54 gnolls
  6 adders
  A shadow imp (D:5)
  14 white imps
  2 ufetubi (D:5)
  A worm (D:2)
  A dart slug (D:3)
  94 orcs
  7 ball pythons
  9 endoplasms
  3 giant cockroaches
  18 goblins
  14 hobgoblins
  15 jackals
  17 kobolds
  4 quokkas
  3 bats
  5 frilled lizards
  2 gnoll zombies (Ossuary)
  2 goblin zombies
  A hobgoblin zombie (Ossuary)
  3 kobold zombies
  An orc zombie (Ossuary)
  7 rats
  A bush (Lair:3)
  23 pillars of salt (Orc:2)
735 creatures vanquished.

Vanquished Creatures (collateral kills)
  An entropy weaver (Spider:1)
  2 orc knights (Orc:2)
  A tarantella (Spider:1)
  A jumping spider (Spider:1)
  A redback (Spider:1)
  An orc (Orc:2)
7 creatures vanquished.

Vanquished Creatures (others)
  2 orc wizards (D:5)
  2 orcs (D:5)
  12 fungi
  A pillar of salt (Orc:2)
  20 plants
37 creatures vanquished.

Grand Total: 779 creatures vanquished

Notes
Turn   | Place    | Note
-------+----------+-------------------------------------------
     0 | D:1      | EvilAshe the Troll Fighter began the quest for the Orb.
     0 | D:1      | Reached XP level 1. HP: 22/22 MP: 0/0
   124 | D:1      | Reached XP level 2. HP: 29/29 MP: 1/1
   369 | D:1      | Reached XP level 3. HP: 30/36 MP: 2/2
   413 | D:1      | Found a faded altar of an unknown god.
   667 | D:2      | Reached skill level 3 in Unarmed Combat
  1158 | D:2      | Reached XP level 4. HP: 42/44 MP: 3/3
  1180 | D:2      | Noticed Robin
  1189 | D:2      | Killed Robin
  1992 | D:3      | Reached XP level 5. HP: 53/53 MP: 4/4
  2073 | D:4      | Noticed Duvessa
  2074 | D:4      | Noticed Dowan
  2133 | D:4      | Reached skill level 4 in Unarmed Combat
  2181 | D:4      | Noticed a phantom
  2348 | D:4      | Learned a level 3 spell: Swiftness
  2362 | D:4      | Noticed a lemure
  2362 | D:4      | Noticed a lemure
  2362 | D:4      | Noticed a lemure
  2363 | D:4      | Noticed Pikel
  2414 | D:3      | Killed a lemure
  2474 | D:3      | Killed a phantom
  2475 | D:3      | Reached XP level 6. HP: 57/61 MP: 5/5
  2529 | D:4      | Killed Duvessa
  2535 | D:4      | Killed Dowan
  2568 | D:4      | Found a runed translucent gate.
  2568 | D:4      | Found a runed translucent gate.
  2568 | D:4      | Found a runed translucent gate.
  2569 | D:4      | Noticed dittoslash's ghost (novice GnCA)
  2584 | D:4      | Reached XP level 7. HP: 57/67 MP: 6/6
  2694 | D:4      | Reached skill level 5 in Unarmed Combat
  2694 | D:4      | Reached skill level 1 in Air Magic
  2701 | D:4      | Killed Pikel
  2702 | D:4      | Reached XP level 8. HP: 57/78 MP: 7/7
  2827 | D:4      | Reached skill level 6 in Unarmed Combat
  2854 | D:4      | Noticed Menkaure
  2864 | D:4      | Killed Menkaure
  2998 | D:4      | Found a glowing golden altar of the Shining One.
  2998 | D:4      | Found a hide-covered altar of Uskayaw.
  3168 | D:4      | Became a worshipper of the Shining One
  3236 | D:4      | Noticed Blork the orc
  3252 | D:4      | Killed Blork the orc
  3264 | D:4      | Noticed Sigmund
  3278 | D:4      | Killed Sigmund
  3561 | D:5      | Entered Level 5 of the Dungeon
  3600 | D:5      | Found a sand-covered staircase.
  3608 | Ossuary  | Entered an ossuary
  3649 | Ossuary  | Reached skill level 5 in Shields
  3653 | Ossuary  | Reached skill level 7 in Unarmed Combat
  3694 | Ossuary  | Reached * piety under the Shining One
  3999 | D:6      | Reached XP level 9. HP: 77/85 MP: 8/8
  4136 | D:6      | Noticed Eustachio
  4183 | D:5      | Reached ** piety under the Shining One
  4447 | D:5      | Identified the +4 ring mail "Uruna" {rC+}
  5022 | D:5      | Found Jahiqat's Weapon Boutique.
  5041 | D:5      | Found a staircase to the Ecumenical Temple.
  5160 | D:5      | Reached skill level 5 in Fighting
  5205 | D:5      | Reached skill level 5 in Dodging
  5332 | D:5      | Reached skill level 8 in Unarmed Combat
  5332 | D:5      | Reached skill level 1 in Invocations
  6127 | D:6      | Killed Eustachio
  6232 | D:7      | Reached *** piety under the Shining One
  6604 | D:7      | Found Xoczunuisk's Armour Shoppe.
  6740 | D:7      | Reached XP level 10. HP: 70/96 MP: 10/10
  6991 | D:7      | Bought a +0 cloak for 72 gold pieces
  7354 | D:8      | Identified the +4 rapier of Fragile Peace {freeze, rF++
                  | Str+4}
  7618 | D:8      | Reached skill level 9 in Unarmed Combat
  7946 | D:9      | Noticed a two-headed ogre
  8035 | D:9      | Reached **** piety under the Shining One
  8140 | D:9      | Found an opulent altar of Gozag.
  8273 | D:9      | Found a staircase to the Lair.
  8332 | D:9      | Found a transporter.
  8454 | D:9      | Found an ancient bone altar of Kikubaaqudgha.
  8615 | D:9      | Found Gozag's Platinum Reserve.
  8779 | D:9      | Killed a two-headed ogre
  8886 | D:10     | Entered Level 10 of the Dungeon
  8890 | D:10     | Noticed a two-headed ogre
  8926 | D:10     | You fall into a shaft and drop 1 floor!
  8970 | D:11     | Noticed a cyclops
  8980 | D:11     | Killed a cyclops
  9036 | D:10     | Found a flagged portal.
  9048 | Bailey   | Entered a bailey
  9461 | D:10     | Noticed a two-headed ogre
  9492 | D:10     | Killed a two-headed ogre
  9493 | D:10     | Reached skill level 10 in Unarmed Combat
  9493 | D:10     | Reached XP level 11. HP: 73/105 MP: 8/12
  9534 | D:10     | Noticed Sonja
  9544 | D:10     | Killed Sonja
  9554 | D:10     | Killed a two-headed ogre
 10030 | D:10     | Noticed Harold
 10050 | D:10     | Killed Harold
 10054 | D:10     | Noticed a two-headed ogre
 10114 | D:10     | Killed a two-headed ogre
 10354 | D:10     | Found a runed translucent door.
 10356 | D:10     | Found a shimmering altar of Xom.
 10356 | D:10     | Noticed Ashen's ghost (journeyman DsIE)
 10362 | D:10     | Noticed Lodul
 10734 | D:11     | Reached skill level 11 in Unarmed Combat
 10881 | D:12     | Reached skill level 5 in Invocations
 11123 | D:12     | Noticed a red ugly thing
 11146 | D:12     | Killed a red ugly thing
 11147 | D:12     | Reached skill level 5 in Air Magic
 11254 | D:12     | Noticed a two-headed ogre
 11268 | D:12     | Killed a two-headed ogre
 11269 | D:12     | Reached XP level 12. HP: 73/118 MP: 11/14
 11720 | D:12     | Found a staircase to the Orcish Mines.
 11956 | Orc:1    | Entered Level 1 of the Orcish Mines
 12288 | Orc:1    | Noticed an orc warlord
 12346 | D:13     | Reached ***** piety under the Shining One
 12347 | D:13     | Reached skill level 1 in Evocations
 12364 | D:13     | Noticed a six-headed hydra
 12415 | D:13     | Noticed a two-headed ogre
 12632 | D:13     | Noticed a centaur warrior
 12642 | D:13     | Killed a centaur warrior
 12813 | D:13     | Killed a two-headed ogre
 12814 | D:13     | Reached skill level 12 in Unarmed Combat
 12852 | D:13     | Noticed a two-headed ogre
 12861 | D:13     | Killed a two-headed ogre
 13350 | Lair:1   | Entered Level 1 of the Lair of Beasts
 13782 | Lair:1   | Reached XP level 13. HP: 127/127 MP: 16/16
 14577 | Lair:2   | Found a frozen archway.
 14593 | IceCv    | Entered an ice cave
 14722 | IceCv    | Found a transporter.
 14743 | IceCv    | Identified a scroll of acquirement
 14744 | IceCv    | Acquired a +1 tower shield of positive energy
 14756 | IceCv    | Found a transporter.
 15550 | Lair:3   | Found a staircase to the Swamp.
 15674 | Lair:3   | Found a hole to the Spider Nest.
 15974 | Lair:3   | Reached skill level 13 in Unarmed Combat
 16360 | Lair:4   | Identified the +1 leather armour "Ruzycae" {Int+5}
 16470 | Lair:4   | Found a large runed translucent door.
 16470 | Lair:4   | Found a large runed translucent door.
 16488 | Lair:4   | Noticed Juirae's ghost (journeyman TrMo)
 17227 | Lair:5   | Entered Level 5 of the Lair of Beasts
 17824 | Lair:5   | Reached XP level 14. HP: 137/137 MP: 18/18
 18120 | Lair:5   | Found a viscous altar of Jiyva.
 18124 | Lair:5   | Found a staircase to the Slime Pits.
 18541 | Lair:5   | Found a large runed translucent door.
 18545 | Lair:5   | Found a large runed translucent door.
 19511 | D:4      | Killed dittoslash's ghost
 19749 | D:10     | Noticed Joseph
 19766 | D:10     | Killed Joseph
 20315 | Orc:2    | Entered Level 2 of the Orcish Mines
 20340 | Orc:1    | Reached skill level 14 in Unarmed Combat
 20421 | Orc:2    | Found a staircase to the Elven Halls.
 21093 | Orc:2    | Identified the +10 dagger of Circularity {speed, rC+ Int+7
                  | Dex+4}
 21155 | Orc:2    | Reached ****** piety under the Shining One
 21455 | Orc:2    | Found Byeraun's Book Shoppe.
 21572 | Orc:2    | Found Qenyetz's Magic Scroll Shoppe.
 21585 | Orc:2    | Bought a scroll of blinking for 105 gold pieces
 21585 | Orc:2    | Bought a scroll of fear for 56 gold pieces
 21639 | Orc:2    | Found Pawiroz's Jewellery Shop.
 21644 | Orc:2    | Bought the ring of Impatience {rPois rN+ Str+6 Int+8} for
                  | 954 gold pieces
 21694 | Orc:2    | Found Hyjipnu's Assorted Antiques.
 21705 | Orc:2    | Bought a scroll of fear for 116 gold pieces
 21705 | Orc:2    | Bought 2 potions of heal wounds for 290 gold pieces
 21976 | Spider:1 | Entered Level 1 of the Spider Nest
 22684 | Spider:1 | Reached skill level 10 in Shields
 22851 | Spider:1 | Reached XP level 15. HP: 146/146 MP: 9/20
 23110 | Spider:1 | HP: 2/146 [jumping spider (18)]
 23111 | Spider:1 | The Shining One protects you from harm!
 23111 | Spider:1 | Annihilated by a jumping spider

Illustrated notes

Levels and vault maps discovered:
D:1:      erik_arrival_orb_chamber, layout_rooms,
          shapermc_ecumenical_altar_mp_vishouse, minmay_pentomino_z4
D:2:      layout_basic, uniq_robin
D:3:      layout_basic, nicolae_elevator_lobby_asterisk
D:4:      layout_loops_corners, mainiacjoe_overflow_divided_tiny,
          gammafunk_ghost_split, corexii_leaking_fountain,
          serial_park_tiny_pond, uniq_menkaure, uniq_duvessa,
          uniq_blork_the_orc, uniq_sigmund, uniq_pikel
D:5:      layout_cave_pools, lemuel_temple_firewalk_a,
          nicolae_ossuary_entry_giza, serial_gnoll_camp, gnoll_camp_medium_02,
          gnoll_camp_mini_house, gnoll_camp_mini_shop, gnoll_camp_medium_01,
          gnoll_camp_mini_hut, roderic_serpentine_path,
          minmay_misc_feat_more_columns, sigmund_army
D:6:      layout_basic, minmay_door_square, uniq_eustachio
D:7:      layout_loops_cross, serial_shops, nicolae_inconvenience_store
D:8:      layout_loops_ring
D:9:      layout_stronghold, nicolae_gozag_zags_fifth_avenue,
          general_overflow_altar, lair_entry_dummy, nicolae_diode_basic
D:10:     layout_irregular_city, ebering_ghost_xom, enter_bailey_3,
          hellmonk_bongcloud_opening, minmay_holes, st_stairs_12, uniq_joseph,
          uniq_harold, uniq_sonja, uniq_lodul
D:11:     layout_roguey
D:12:     layout_irregular_city, david_orc_1_choice
D:13:     layout_loops_cross, david_vaults_5
Lair:1:   layout_chaotic_city, wad_woods_02, grunt_megastairs_5
Lair:2:   layout_hall_layers, portal_ice_cave_entry_imps,
          infiniplex_staircase_pool
Lair:3:   layout_layer_cave, skrybe_swamp_entry_bodies,
          hellmonk_spider_entry_not_the_bees, minmay_lair_oklob_items,
          minivault_27, minivault_24, chequers_serial_rivers_room_b
Lair:4:   layout_cellular_growth, ebering_ghost_disaster_area
Lair:5:   cheibrodos_lair_end_hotspot, layout_regular_city,
          dpeg_slime_entry_corner
Spider:1: layout_spider_delve, nicolae_spider_webbed_stairs
Orc:1:    layout_caves, mines2_david
Orc:2:    hellmonk_orc_salted, layout_diamond_mine, nicolae_orc_sculptors_studio

Skill      XL: |  1  2  3  4  5  6  7  8  9 10 11 12 13 14 |
---------------+-------------------------------------------+-----
Shields        | 3 4 5 6 7 8 9 10 | 10.1
Unarmed Combat | 3 4 5 7 8 10 11 12 13 14 | 14.9
Fighting       | 3 4 5 6 7 8 9 |  9.3
Dodging        | 3 4 5 6 7 8 9 |  9.2
Air Magic      | 1 2 3 4 5 6 7 |  7.0
Invocations    | 2 3 5 6 7 8 |  8.4
Evocations     | 2 3 4 |  4.0

Action                   |  1- 3 |  4- 6 |  7- 9 | 10-12 | 13-15 || total
-------------------------+-------+-------+-------+-------+-------++-------
Melee: Unarmed           |    92 |   165 |   337 |   675 |   847 ||  2116
Throw: Boomerang         |       |     1 |    12 |     3 |    29 ||    45
       Dart              |       |       |     5 |    46 |       ||    51
Invok: Divine Shield     |       |       |       |     8 |     2 ||    10
       Summon Divine War |       |       |       |       |     4 ||     4
Evoke: Wand              |       |       |     1 |     2 |    20 ||    23
  Use: Scroll            |     2 |     1 |    13 |     9 |     8 ||    33
       Potion            |       |     1 |       |     1 |     6 ||     8
 Stab: Sleeping          |     1 |     1 |       |       |       ||     2
Armor: Robe              |    21 |    38 |    39 |    38 |       ||   136
       Troll leather arm |       |       |       |    67 |   163 ||   230
Dodge: Dodged            |    23 |    43 |    88 |   198 |   221 ||   573
Block: Kite shield       |    21 |    64 |   226 |   493 |    41 ||   845
       Reflection        |       |       |     8 |    16 |    18 ||    42
       Tower shield      |       |       |       |       |   854 ||   854
